Map: Vestígio Bel'Shir LE (Void)

Players

Knives - Winner!

  • Race: Protoss Protoss
  • League: Platinum
  • Spawn Location: 11:00

efelinto

  • Race: Protoss Protoss
  • League: Diamond
  • Spawn Location: 5:00

VOD

Have the link to the VOD?

Description

Time

  • Played on: April 23, 2017, 4:04 a.m.
  • Length: 10:00
Show
View Real Time Build Order
Export as new Build Order

Knives Protoss - Winner!

Build Orders: 1 Gate Expand 

Get SALT Encoding   

  12  0:00  Probe (Chrono Boost)  
  13  0:11  Probe (Chrono Boost)  
  14  0:19  Pylon  
  14  0:22  Probe (Chrono Boost)  
  15  0:38  Probe (Chrono Boost), Gateway  
  16  0:45  Assimilator  
  16  0:48  Probe (Chrono Boost)  
  17  0:59  Probe (Chrono Boost)  
  18  1:09  Probe (Chrono Boost)  
  19  1:28  Nexus  
  19  1:35  Cybernetics Core  
  19  1:38  Probe (Chrono Boost)  
  20  1:45  Pylon  
  20  1:49  Pylon  
  20  1:55  Assimilator  
  20  2:08  Gateway  
  20  2:09  Probe (Chrono Boost)  
  20  2:13  Adept  
  23  2:26  Warp Gate  
  23  2:33  Mothership Core (Chrono Boost)  
  25  2:38  Pylon  
  25  2:43  Probe (Chrono Boost)  
  26  2:46  Stalker  
  28  2:57  Probe (Chrono Boost)  
  28  2:58  Probe (Chrono Boost)  
  30  3:00  Adept  
  32  3:06  Gateway  
  33  3:20  Sentry  
  33  3:22  Probe x2 (Chrono Boost)  
  35  3:32  Stalker  
  37  3:40  Gateway  
  37  3:41  Probe (Chrono Boost)  
  37  3:42  Probe (Chrono Boost)  
  39  3:54  Robotics Facility  
  39  3:58  Forge  
  39  4:02  Probe x2 (Chrono Boost)  
  41  4:09  Stalker  
  43  4:11  Adept  
  45  4:17  Probe x2 (Chrono Boost)  
  45  4:21  Assimilator  
  47  4:25  Pylon  
  45  5:17  Pylon  
  45  5:21  Assimilator, Probe x2 (Chrono Boost)  
  45  5:24  Stalker, Adept x2  
  45  5:25  Adept  
  53  5:35  Photon Cannon  
  53  5:41  Protoss Ground Weapons Level 1, Photon Cannon  
  54  5:42  Observer  
  54  5:47  Probe x2 (Chrono Boost)  
  56  5:51  Photon Cannon  
  56  5:55  Photon Cannon  
  56  5:58  Probe x2 (Chrono Boost)  
  58  6:21  Warp Prism  
  58  6:24  Sentry, Adept x2  
  58  6:25  Sentry  
  68  6:28  Gateway  
  68  6:30  Gateway  
  68  6:39  Twilight Council  
  68  6:45  Probe x2 (Chrono Boost)  
  70  6:49  Pylon  
  70  7:04  Charge  
  70  7:10  Nexus  
  70  7:13  Immortal, Pylon  
  74  7:17  Pylon  
  74  7:28  Probe (Chrono Boost)  
  74  7:29  Probe (Chrono Boost)  
  76  7:37  Robotics Facility  
  76  7:39  Stalker  
  76  7:41  Zealot x2  
  76  7:42  Sentry  
  76  7:43  Zealot  
  86  7:45  Stalker  
  88  7:55  Probe (Chrono Boost)  
  88  7:56  Probe (Chrono Boost)  
  90  8:19  Observer  
  91  8:26  Probe (Chrono Boost)  
  92  8:47  Pylon  
  92  8:48  Photon Cannon  
  92  8:49  Photon Cannon  
  92  8:51  Photon Cannon  
  92  8:55  Immortal, Pylon  
  84  9:20  Zealot x6  
Show
View Real Time Build Order
Export as new Build Order

efelinto Protoss 

Build Orders:  

Get SALT Encoding   

  12  0:01  Probe (Chrono Boost)  
  13  0:11  Probe (Chrono Boost)  
  14  0:18  Pylon  
  14  0:22  Probe (Chrono Boost)  
  15  0:36  Probe (Chrono Boost)  
  15  0:39  Gateway  
  16  0:46  Probe (Chrono Boost)  
  17  0:57  Probe (Chrono Boost)  
  17  1:03  Assimilator  
  18  1:05  Assimilator  
  18  1:08  Probe (Chrono Boost)  
  19  1:18  Probe (Chrono Boost)  
  20  1:26  Cybernetics Core  
  20  1:29  Probe (Chrono Boost)  
  21  1:39  Probe (Chrono Boost)  
  22  1:52  Probe (Chrono Boost)  
  23  1:54  Warp Gate  
  23  2:20  Pylon  
  23  2:22  Pylon  
  23  2:35  Stalker  
  23  2:41  Mothership Core (Chrono Boost)  
  27  2:49  Stargate  
  27  3:01  Probe (Chrono Boost)  
  28  3:08  Pylon  
  29  3:13  Probe (Chrono Boost)  
  29  3:16  Gateway  
  29  3:19  Gateway  
  29  3:21  Robotics Facility  
  29  3:25  Probe (Chrono Boost)  
  30  3:28  Nexus  
  30  3:55  Forge  
  30  4:00  Sentry  
  32  4:07  Observer  
  33  4:19  Pylon  
  33  4:23  Immortal  
  33  4:29  Protoss Ground Armor Level 1  
  31  4:57  Immortal  
  27  5:05  Stalker  
  27  5:06  Stalker  
  34  5:19  Probe (Chrono Boost)  
  34  5:20  Probe (Chrono Boost)  
  36  5:29  Assimilator  
  36  5:30  Probe (Chrono Boost)  
  36  5:31  Assimilator  
  36  5:33  Probe (Chrono Boost)  
  38  5:40  Probe (Chrono Boost)  
  39  5:45  Probe (Chrono Boost)  
  40  5:51  Probe (Chrono Boost)  
  42  5:57  Probe (Chrono Boost)  
  42  6:12  Probe (Chrono Boost)  
  42  6:14  Probe (Chrono Boost)  
  44  6:20  Zealot  
  44  6:21  Zealot x2  
  44  6:23  Probe (Chrono Boost)  
  52  6:26  Probe (Chrono Boost)  
  52  6:27  Pylon  
  52  6:33  Probe (Chrono Boost)  
  52  6:39  Probe (Chrono Boost)  
  54  6:41  Photon Cannon  
  54  6:45  Probe (Chrono Boost)  
  55  6:49  Zealot  
  55  6:51  Probe (Chrono Boost)  
  58  6:55  Zealot  
  58  6:56  Probe (Chrono Boost)  
  62  7:01  Sentry  
  62  7:03  Probe (Chrono Boost)  
  64  7:10  Zealot  
  64  7:12  Probe (Chrono Boost)  
  64  7:15  Probe (Chrono Boost)  
  68  7:20  Pylon  
  69  7:22  Probe (Chrono Boost)  
  69  7:26  Probe (Chrono Boost)  
  70  7:33  Probe (Chrono Boost)  
  70  7:36  Probe (Chrono Boost)  
  72  7:40  Zealot x2  
  72  7:41  Zealot  
  72  7:43  Probe (Chrono Boost)  
  79  7:46  Photon Cannon  
  79  7:55  Immortal  
  83  8:28  Zealot  
  83  8:32  Pylon  
  83  8:33  Pylon  
  85  8:34  Pylon  
  85  8:37  Pylon  
  85  8:53  Zealot x3  
  65  9:30  Stalker x3  
Tags
 
Add a new tag
Caveats
  • Supply blocks, unpowered buildings, or Contaminate may cause inaccurate times.
  • Supply counts are checked every 10 seconds.